 Dungeon Crawl Stone Soup version 0.25-a0-523-g9afb2ee040 (webtiles) character file.

Game seed: 4141176416608523011, levelgen mode: deterministic

1327 Flugslaktarn the Chopper (level 8, 0/73 HPs)
             Began as a Deep Dwarf Fighter on Feb 18, 2020.
             Was a Follower of Makhleb.
             Killed from afar by Maggie (17 damage)
             ... with a bolt of fire
             ... on level 6 of the Dungeon.
             The game lasted 00:02:29 (2736 turns).

Flugslaktarn the Chopper (Deep Dwarf Fighter)       Turns: 2736, Time: 00:02:30

Health: 0/73       AC: 11    Str: 22    XL:     8   Next: 34%
Magic:  7/7        EV:  6    Int:  9    God:    Makhleb [*.....]
Gold:   106        SH: 10    Dex: 12    Spells: 7/7 levels left

rFire    . . .     SeeInvis .   f - +2 war axe (vorpal)
rCold    . . .     Gourm    .   c - +0 kite shield
rNeg     . . .     Faith    .   y - +0 chain mail
rPois    +         Spirit   .   (no helmet)
rElec    .         Reflect  .   (no cloak)
rCorr    .         Harm     .   (no gloves)
MR       +....                  m - +0 pair of boots
Stlth    ..........             (no amulet)
HPRegen  0.00/turn              o - ring of poison resistance
MPRegen  0.10/turn              (no ring)

@: non-regenerating
A: damage resistance, heal wounds, sense surroundings 1, no regeneration
a: Heal Wounds, Renounce Religion


You were on level 6 of the Dungeon.
You worshipped Makhleb.
Makhleb was aware of your devotion.
You were not hungry.

You visited 1 branch of the dungeon, and saw 6 of its levels.

You collected 187 gold pieces.
You spent 81 gold pieces at shops.

Inventory:

Hand Weapons
 f - a +2 vorpal war axe (weapon)
   (You took it off an orc on level 6 of the Dungeon)
Armour
 c - a +0 kite shield (worn)
 m - a +0 pair of boots (worn)
   (You found it on level 4 of the Dungeon)
 y - a +0 chain mail (worn)
   (You found it on level 5 of the Dungeon)
Jewellery
 o - a ring of poison resistance (left hand)
   (You found it on level 1 of the Dungeon)
 s - an uncursed ring of fire
   (You found it on level 4 of the Dungeon)
 B - a +2 ring of protection {unknown}
   (You found it on level 6 of the Dungeon)
 D - an uncursed ring of flight {unknown}
   (You found it on level 6 of the Dungeon)
Wands
 v - a wand of digging (6)
   (You found it on level 5 of the Dungeon)
Scrolls
 b - a scroll of random uselessness {unknown}
 h - 2 scrolls of immolation
 i - a scroll of enchant weapon {unknown}
 n - a scroll of fear
 r - 3 scrolls of identify
 t - 2 scrolls of teleportation
 u - 2 scrolls of fog {unknown}
 w - 3 scrolls of remove curse
 x - a scroll of vulnerability {unknown}
 z - a scroll of blinking
Potions
 d - a potion of might
 g - a potion of stabbing
 j - a potion of mutation {unknown}
 k - 2 potions of flight {unknown}
 l - a potion of berserk rage {unknown}
 p - 3 potions of brilliance {unknown}
 q - 3 potions of curing
 A - a potion of heal wounds {unknown}
 C - a potion of degeneration {unknown}
Comestibles
 e - 12 rations


   Skills:
 + Level 4.7 Fighting
 * Level 7.1 Axes
 + Level 5.6 Armour
 + Level 5.6 Shields
 + Level 3.9 Invocations


You had 7 spell levels left.
You didn't know any spells.
Your spell library was empty.

Dungeon Overview and Level Annotations

Branches:
Dungeon (6/15)
 Temple: D:4-7

Altars:
Cheibriados
Kikubaaqudgha
Makhleb
Sif Muna
Xom
Zin
The Shining One

Shops:
D:5 *

Annotations:
D:6 Maggie


Innate Abilities, Weirdness & Mutations

You are resistant to damage.
You can heal yourself by infusing magical energy.
You passively map a small area around you.
You do not regenerate.


Message History

You are too injured to fight recklessly!
You are too injured to fight recklessly!
You are too injured to fight recklessly!
You are too injured to fight recklessly!
You are too injured to fight recklessly!
You are too injured to fight recklessly!
You are too injured to fight recklessly!
You are too injured to fight recklessly!
You are too injured to fight recklessly!
You are too injured to fight recklessly!
Unknown command.
You feel much better.
Maggie hits you with a +1 morningstar of flaming!
* * * LOW HITPOINT WARNING * * *
Maggie burns you.
You hit Maggie but do no damage.
Maggie is almost dead.
Maggie casts a spell at you. The bolt of fire hits you!!
You die...

#.##.... #.......
#..#....
###..###..
#.........
#########.###.###.
#.[.......# #.# #.
#.#######.###.# #.
#@# #.....# #. #@#
###.#.# #. #.#
#.#.# #. #.#
##.#.# #) #.#
####..#.# #. #.#
#_#####.# #. #.#
##'## #.# #. #.#
#...####.# #. * ,
#...#....###.


You could see Maggie.

Vanquished Creatures
  Eustachio (D:6)
  An ice beast (D:6)
  2 sky beasts
  An orc warrior (D:6)
  3 ogres
  A bullfrog (D:6)
  A scorpion (D:4)
  A howler monkey (D:4)
  A crimson imp (D:4)
  2 jellies
  2 hounds (D:4)
  2 worker ants
  An iguana (D:5)
  A mummy (D:4)
  7 gnolls (D:4)
  An adder (D:3)
  A shadow imp (D:6)
  A worm (D:6)
  A dart slug (D:4)
  3 leopard geckos
  16 orcs
  4 giant cockroaches
  6 goblins
  8 hobgoblins
  7 kobolds
  A bat (D:1)
  3 frilled lizards
  A goblin zombie (D:4)
  2 jackal skeletons (D:4)
  A jackal zombie (D:5)
  A kobold zombie (D:4)
  A quokka skeleton (D:4)
  3 rats
88 creatures vanquished.

Notes
Turn   | Place    | Note
-------+----------+-------------------------------------------
     0 | D:1      | Flugslaktarn the Deep Dwarf Fighter began the quest for the
                  | Orb.
     0 | D:1      | Reached XP level 1. HP: 20/20 MP: 1/1
    76 | D:1      | Reached XP level 2. HP: 25/27 MP: 2/2
   437 | D:4      | Noticed an ogre
   441 | D:4      | Reached skill level 3 in Axes
   441 | D:4      | Reached XP level 3. HP: 28/34 MP: 3/3
   442 | D:4      | Reached XP level 4. HP: 33/42 MP: 4/4
   458 | D:4      | Killed an ogre
   458 | D:4      | Reached skill level 4 in Axes
   458 | D:4      | Reached XP level 5. HP: 29/49 MP: 4/4
   497 | D:4      | Found a glowing golden altar of the Shining One.
   500 | D:4      | Found a snail-covered altar of Cheibriados.
   658 | D:4      | Found a burning altar of Makhleb.
   658 | D:4      | Found a shimmering altar of Xom.
   665 | D:4      | Reached XP level 6. HP: 24/56 MP: 4/4
   669 | D:4      | Became a worshipper of Makhleb the Destroyer
   927 | D:4      | Reached * piety under Makhleb
   965 | D:4      | Reached skill level 5 in Axes
  1002 | D:4      | Reached skill level 1 in Invocations
  1197 | D:4      | Found an ancient bone altar of Kikubaaqudgha.
  1251 | D:4      | Reached XP level 7. HP: 58/64 MP: 5/5
  1487 | D:5      | Entered Level 5 of the Dungeon
  1568 | D:5      | Found Oheugengu's Assorted Antiques.
  1577 | D:5      | Bought a scroll labeled BOOHIHY FIN for 29 gold pieces
  1577 | D:5      | Bought 2 silvery potions for 52 gold pieces
  1626 | D:5      | Reached skill level 5 in Armour
  1647 | D:5      | Reached skill level 5 in Shields
  2001 | D:6      | Reached skill level 6 in Axes
  2103 | D:6      | Found a glowing silver altar of Zin.
  2272 | D:6      | Found a shimmering blue altar of Sif Muna.
  2307 | D:6      | Reached XP level 8. HP: 44/73 MP: 7/7
  2332 | D:6      | Noticed Eustachio
  2380 | D:6      | Killed Eustachio
  2380 | D:6      | Reached skill level 7 in Axes
  2715 | D:6      | Noticed Maggie
  2736 | D:6      | Killed from afar by Maggie

Levels and vault maps discovered:
D:1:      evilmike_arrival_hilbert_curve, layout_rooms
D:2:      layout_loops_corners, nicolae_ru_path_of_blood, first_ration,
          uniq_natasha
D:3:      layout_loops_cross, okawaru_altar_gauntlet_db, roderic_lattice_a,
          uniq_grinder
D:4:      corexii_shantytown, layout_basic,
          grunt_temple_overflow_champion_of_chaos, kennysheep_mini,
          kiku_gazebo_pond_becter, cheibriados_altar_1,
          nicolae_ossuary_entry_giza, kennysheep_small_spiral
D:5:      layout_rooms, serial_shops, shop, minmay_misc_feat_doors,
          minmay_misc_feat_rows, moated_statue
D:6:      layout_loops_ring, zin_academy, lemuel_blue_sif_altar, uniq_maggie,
          uniq_eustachio

Skill      XL: |  1  2  3  4  5  6  7  8 |
---------------+-------------------------+-----
Fighting       | 3 4 |  4.7
Axes           | 3 4 5 6 7 |  7.1
Armour         | 4 5 |  5.6
Shields        | 4 5 |  5.6
Invocations    | 1 3 |  3.9

Action                   |  1- 3 |  4- 6 |  7- 9 || total
-------------------------+-------+-------+-------++-------
Melee: War axe           |    55 |   193 |   227 ||   475
 Abil: Heal Wounds       |       |    10 |     7 ||    17
  Use: Scroll            |       |     8 |       ||     8
  Eat: Chunk             |       |     2 |     5 ||     7
Armor: Scale mail        |    37 |    47 |    35 ||   119
       Chain mail        |       |       |    76 ||    76
Dodge: Dodged            |    23 |    48 |    37 ||   108
Block: Kite shield       |    45 |    86 |    96 ||   227

Table legend:
 A = Non-vault XP
 B = Vault XP
 C = Vault XP percentage of total XP
 D = Non-vault monster count
 E = Vault monster count
 F = Vault count percentage of total count
                 A         B        C        D         E       F
            +---------+---------+-------+---------+---------+-------
      Total |    1485 |     412 |  21.7 |      54 |      34 |  38.6
            +---------+---------+-------+---------+---------+-------
        D:1 |      17 |       0 |   0.0 |      10 |       0 |   0.0
        D:2 |       1 |       0 |   0.0 |       1 |       0 |   0.0
        D:3 |      16 |       0 |   0.0 |       3 |       0 |   0.0
        D:4 |     507 |     215 |  29.8 |      16 |      33 |  67.3
        D:5 |     263 |       0 |   0.0 |      11 |       0 |   0.0
        D:6 |     681 |     197 |  22.4 |      13 |       1 |   7.1
            +---------+---------+-------+---------+---------+-------
